 Dungeon Crawl Stone Soup version 0.28.0-45-g0d030f2227 (webtiles) character file.

Game seed: 8277505696773436744

11428 joshe the Thaumaturge (level 11, -7/54 HPs)
             Began as a Deep Elf Conjurer on Apr 3, 2022.
             Was a Priest of Vehumet.
             Killed by an exploding fulminant prism (29 damage)
             ... on level 1 of the Orcish Mines.
             The game lasted 01:29:36 (15162 turns).

joshe the Thaumaturge (Deep Elf Conjurer)          Turns: 15162, Time: 01:29:37

Health: -7/54      AC:  8    Str:  4    XL:     11   Next: 49%
Magic:  21/30      EV: 12    Int: 28    God:    Vehumet [***...]
Gold:   573        SH: 13    Dex: 13    Spells: 22/36 levels left

rFire   + . .      SeeInvis .   B - +3 scimitar (freeze)
rCold   . . .      Faith    .   I - +2 kite shield
rNeg    + . .      Spirit   .   a - +0 robe
rPois   .          Reflect  .   G - +0 helmet
rElec   .          Harm     .   F - +0 cloak
rCorr   .          Rampage  .   (no gloves)
Will    +....                   (no boots)
Stlth   ++........              r - amulet of the acrobat
HPRegen 0.18/turn               b - +4 ring of protection
MPRegen 0.22/turn               g - ring of Ascent {rF+ rN+}

@: studying Shields
A: no striking features
a: Renounce Religion


You were on level 1 of the Orcish Mines.
You worshipped Vehumet.
Vehumet was most pleased with you.
You visited 3 branches of the dungeon, and saw 12 of its levels.

You collected 573 gold pieces.

Inventory:

Hand Weapons
 B - a +3 scimitar of freezing (weapon)
Missiles
 c - 33 poisoned darts
Armour
 a - a +0 robe (worn)
 F - a +0 cloak (worn)
 G - a +0 helmet (worn)
 I - a +2 kite shield (worn)
Jewellery
 b - a +4 ring of protection (left hand)
 g - the ring of Ascent (right hand) {rF+ rN+}
   (You found it on level 2 of the Dungeon)

   [ring of positive energy]

   rF:        It protects you from fire.
   rN:        It protects you from negative energy.
 j - a ring of see invisible
 l - a ring of positive energy
 r - an amulet of the acrobat (around neck)
 u - a ring of protection from fire
 M - a +4 ring of protection
Wands
 h - a wand of flame (23)
 i - a wand of polymorph (4)
 n - a wand of iceblast (5)
 E - a wand of paralysis (9)
Scrolls
 d - 2 scrolls of fear
 e - 2 scrolls of vulnerability
 k - a scroll of acquirement {unknown}
 o - a scroll of amnesia {unknown}
 s - a scroll of immolation
 v - a scroll of enchant armour {unknown}
 x - a scroll of holy word {unknown}
 y - a scroll of silence {unknown}
 C - a scroll of teleportation
 J - a scroll of fog {unknown}
Potions
 f - 2 potions of mutation
 m - 2 potions of might
 p - 2 potions of cancellation
 q - 2 potions of ambrosia
 t - 3 potions of curing
 w - 2 potions of heal wounds {unknown}
 z - a potion of flight {unknown}
 A - a potion of magic {unknown}
 D - 2 potions of attraction {unknown}
 H - a potion of berserk rage {unknown}
 L - a potion of brilliance {unknown}
Miscellaneous
 K - a phantom mirror


   Skills:
 - Level 4.0 Dodging
 - Level 3.0 Stealth
 - Level 9.0 Shields
 - Level 13.0 Spellcasting
 - Level 10.0 Conjurations
 + Level 12.3 Hexes
 - Level 4.0 Translocations
 - Level 1.0 Air Magic
 - Level 1.0 Poison Magic
 - Level 2.0 Evocations


You had 22 spell levels left.
You knew the following spells:

 Your Spells              Type           Power      Damage    Failure   Level
a - Magic Dart            Conj           100%       1d8       1%          1
b - Searing Ray           Conj           100%       2d8       1%          2
c - Fulminant Prism       Conj/Hex       34%        3d16      1%          4
d - Iskenderun's Mystic   Conj/Tloc      55%        2d12      1%          4
e - Mephitic Cloud        Conj/Pois/Air  40%        N/A       1%          3

Your spell library contained the following spells:

 Spells                   Type           Power      Damage    Failure   Level
 Ignite Poison            Fire/Tmut/Pois 20%        N/A       5%          3
 Dazzling Flash           Conj/Hex       100%       N/A       1%          3
 Flame Wave               Conj/Fire      46%        2d10      2%          4
 Scorch                   Fire           36%        2d7       3%          2
 Lightning Bolt           Conj/Air       24%        1d40      5%          5
 Call Imp                 Summ           18%        N/A       11%         2
 Airstrike                Air            11%        N/A       12%         4
 Summon Lightning Spire   Summ/Air       21%        N/A       50%         4
 Summon Cactus Giant      Summ           9%         N/A       100%        6


Dungeon Overview and Level Annotations

Branches:
Dungeon (10/15)            Temple (1/1) D:6            Lair (0/6) D:10
    Orc (1/2) D:10

Altars:
Ashenzari
Cheibriados
Dithmenos
Elyvilon
Fedhas
Gozag
Hepliaklqana
Kikubaaqudgha
Makhleb
Nemelex Xobeh
Okawaru
Qazlal
Ru
Sif Muna
Trog
Uskayaw
Vehumet
Wu Jian
Xom
Yredelemnul
Zin
The Shining One
Jiyva

Shops:
D:1 =

Annotations:
D:6 3 runed translucent doors, croobank's ghost, novice OpFE
D:8 2 transporters, jr88keys's ghost, novice KoFi
D:9 1 runed translucent door, yahweh's ghost, novice MiBe
Orc:1 Urug


Message History

The mystic blast hits the troll!
The troll is heavily wounded.
The troll is knocked back by the mystic blast.
The troll slams into the rock wall!
The troll is heavily wounded.
You block the troll's attack. The troll barely misses you. x2
Casting: Iskenderun's Mystic Blast (dangerous; 1% risk of failure)
Confirm with . or Enter, or press ? or * to list all spells.
You don't know that spell.
Casting: Iskenderun's Mystic Blast (dangerous; 1% risk of failure)
Confirm with . or Enter, or press ? or * to list all spells.
Aiming: Fulminant Prism (safe; 1% risk of failure)
Press: ? - help, Dir - move target You conjure a prism of explosive energy!
A fulminant prism comes into view.
The troll barely misses you. The troll claws you but does no damage.
You block the troll's attack.
Casting: Fulminant Prism (safe; 1% risk of failure)
Confirm with . or Enter, or press ? or * to list all spells.
Aiming: Mephitic Cloud (safe; 1% risk of failure)
Press: ? - help, Shift-Dir - straight line The ball explodes into a vile cloud!
The stinking cloud engulfs the troll but does no damage.
The troll is heavily wounded.
The stinking cloud engulfs your fulminant prism but does no damage.
Urug throws a javelin.
The javelin closely misses you.
The troll is engulfed in noxious fumes.
The troll appears confused.
The troll bites you. The troll claws you. You block the troll's attack.
Your fulminant prism crackles loudly.
Urug screams, "You are already dead."
Urug throws a javelin.
The javelin pierces through you!!
The troll is engulfed in noxious fumes.
The troll appears confused.
The troll closely misses you. You block the troll's attack. x2
Your fulminant prism explodes!
The blast of energy engulfs the troll!!
You kill the troll!
Vehumet accepts your kill.
You feel your power returning. The blast of energy engulfs you!!
Ouch! That really hurt!
You die...

.)..).)...#
#.#...$.##
#..[[.##
##[)###
##$..#
#..[.#
#[).##
##☼☼..##
#@☼○○o.#
##○#§.##
######


You could see Urug.

Vanquished Creatures
  Josephine (D:10)
  Harold (D:8)
  Pikel (D:9)
  2 orc sorcerers (Orc:1)
  An orc knight (Orc:1)
  Maurice (Orc:1)
  Joseph (D:10)
  A komodo dragon (D:10)
  A troll (Orc:1)
  Sigmund (D:2)
  3 wraiths (D:10)
  10 yaks
  3 steam dragons
  A warg (Orc:1)
  A swamp drake (D:10)
  A sky beast (D:6)
  10 orc warriors
  An ice beast (D:5)
  An ogre (D:5)
  7 centaurs
  A kobold brigand (D:8)
  A lemure (D:9)
  5 bullfrogs
  A gnoll sergeant (D:9)
  4 scorpions
  A water moccasin zombie (D:6)
  A water moccasin skeleton (D:5)
  13 killer bees (D:9)
  10 wights
  6 howler monkeys
  3 bullfrog zombies
  4 jellies (D:9)
  4 orc priests
  2 bullfrog skeletons
  2 iguanas
  3 centaur skeletons
  A gnoll shaman (D:6)
  Jessica (D:3)
  Natasha (thrice) (D:2)
  Terence (D:2)
  A scorpion zombie (D:5)
  10 orc wizards
  8 gnolls
  6 adders
  2 river rats (D:5)
  4 shadow imps
  3 white imps
  4 worms
  45 orcs
  12 ball pythons
  10 endoplasms
  4 giant cockroaches
  7 goblins
  4 hobgoblins
  7 jackals
  8 quokkas
  4 bats
  4 frilled lizards
  13 kobolds
  12 rats
284 creatures vanquished.

Vanquished Creatures (others)
  131 fulminant prisms
  A fungus (D:9)
  5 plants (D:9)
137 creatures vanquished.

Grand Total: 421 creatures vanquished

Notes
Turn   | Place    | Note
-------+----------+-------------------------------------------
     0 | D:1      | joshe the Deep Elf Conjurer began the quest for the Orb.
     0 | D:1      | Reached XP level 1. HP: 10/10 MP: 6/6
     0 | D:1      | Noticed a human
     0 | D:1      | Noticed a human
     1 | D:1      | Noticed a tengu
     1 | D:1      | Noticed a human
     3 | D:1      | Noticed a vampire
     3 | D:1      | Noticed a ghoul
     6 | D:1      | Noticed an ogre
     7 | D:1      | Noticed a human
     8 | D:1      | Noticed a troll
    10 | D:1      | Noticed a barachi
    12 | D:1      | Noticed a spriggan
    12 | D:1      | Noticed a dwarf
    14 | D:1      | Noticed a spriggan
    16 | D:1      | Noticed a spriggan
    18 | D:1      | Noticed a naga
    20 | D:1      | Noticed an ogre
   223 | D:1      | Reached XP level 2. HP: 15/15 MP: 4/8
   226 | D:1      | Learned a level 2 spell: Searing Ray
   380 | D:1      | Reached skill level 5 in Conjurations
   395 | D:1      | Found Usag Pod's Jewellery Shoppe.
  1312 | D:2      | Reached XP level 3. HP: 16/19 MP: 6/9
  1316 | D:2      | Learned a level 3 spell: Mephitic Cloud
  1324 | D:2      | Identified the ring of Ascent {rF+ rN+}
  1719 | D:2      | Noticed Terence
  1723 | D:2      | Killed Terence
  1724 | D:2      | Reached skill level 1 in Poison Magic
  1797 | D:2      | Reached XP level 4. HP: 24/24 MP: 6/10
  1822 | D:2      | Noticed Sigmund
  1855 | D:2      | Noticed Natasha
  2049 | D:2      | Killed Natasha
  2050 | D:2      | Reached skill level 1 in Air Magic
  2112 | D:2      | Noticed Natasha
  2115 | D:2      | Killed Natasha
  2116 | D:2      | Reached skill level 4 in Spellcasting
  2284 | D:2      | Reached XP level 5. HP: 28/28 MP: 10/14
  2290 | D:2      | Learned a level 4 spell: Fulminant Prism
  2344 | D:2      | Noticed Natasha
  2350 | D:2      | Killed Natasha
  2351 | D:2      | Reached skill level 5 in Spellcasting
  2351 | D:2      | Reached skill level 1 in Hexes
  3052 | D:3      | Learned a level 4 spell: Iskenderun's Mystic Blast
  3234 | D:3      | Noticed Jessica
  3901 | D:3      | Found a faded altar of an unknown god.
  3964 | D:3      | Killed Jessica
  3965 | D:3      | Reached XP level 6. HP: 32/32 MP: 7/15
  4392 | D:4      | Found a hide-covered altar of Uskayaw.
  4492 | D:4      | Reached skill level 1 in Translocations
  4609 | D:4      | Reached skill level 6 in Spellcasting
  5019 | D:5      | Entered Level 5 of the Dungeon
  5026 | D:5      | Reached skill level 5 in Hexes
  5036 | D:5      | Reached XP level 7. HP: 21/36 MP: 0/18
  5477 | D:5      | Reached skill level 7 in Spellcasting
  6176 | D:6      | Found a stormy altar of Qazlal.
  6176 | D:6      | Found a shimmering blue altar of Sif Muna.
  6176 | D:6      | Found an ancient bone altar of Kikubaaqudgha.
  6197 | D:6      | Reached XP level 8. HP: 41/41 MP: 14/20
  6494 | D:6      | Found a runed translucent gate.
  6494 | D:6      | Found a runed translucent gate.
  6494 | D:6      | Found a runed translucent gate.
  6499 | D:6      | Noticed croobank's ghost (novice OpFE)
  6581 | D:6      | Reached skill level 8 in Spellcasting
  6599 | D:6      | Identified the amulet of Terra Nullius {Acrobat Rampage}
  7152 | D:6      | Found a staircase to the Ecumenical Temple.
  7165 | Temple   | Entered the Ecumenical Temple
  7203 | Temple   | Became a worshipper of Vehumet
  7713 | D:7      | Reached skill level 9 in Spellcasting
  7713 | D:7      | Reached XP level 9. HP: 45/45 MP: 4/24
  8411 | D:7      | Reached skill level 10 in Spellcasting
  9163 | D:2      | Killed Sigmund
  9164 | D:2      | Reached skill level 10 in Hexes
  9610 | D:8      | Found a transporter.
  9611 | D:8      | Noticed jr88keys's ghost (novice KoFi)
  9616 | D:8      | Found a transporter.
  9618 | D:8      | Identified the +2 dire flail of Xaotong {freeze, rN+++
                  | Str+3 Int+2 Stlth-}
  9634 | D:8      | Reached * piety under Vehumet
  9634 | D:8      | Offered knowledge of Shock by Vehumet.
 10027 | D:8      | Reached skill level 11 in Spellcasting
 10350 | D:8      | Noticed Harold
 10374 | D:8      | Killed Harold
 10375 | D:8      | Reached XP level 10. HP: 50/50 MP: 2/27
 11065 | D:9      | Found a viscous altar of Jiyva.
 11231 | D:9      | Found a runed translucent door.
 11235 | D:9      | Identified the +4 trident of Sin {pain, +Blink rElec
                  | Stlth+}
 11235 | D:9      | Noticed yahweh's ghost (novice MiBe)
 11488 | D:9      | Reached skill level 12 in Spellcasting
 11497 | D:9      | Reached ** piety under Vehumet
 11626 | D:9      | Noticed Pikel
 11636 | D:9      | Killed Pikel
 11636 | D:9      | Offered knowledge of Freeze by Vehumet.
 11902 | D:9      | Reached skill level 1 in Shields
 12122 | D:9      | Reached skill level 10 in Conjurations
 12491 | D:9      | Reached skill level 1 in Evocations
 12724 | D:10     | Entered Level 10 of the Dungeon
 12743 | D:10     | Found a staircase to the Lair.
 13066 | D:10     | Noticed Joseph
 13509 | D:10     | Killed Joseph
 13510 | D:10     | Reached skill level 5 in Shields
 13780 | D:10     | Reached XP level 11. HP: 44/54 MP: 25/29
 13955 | D:10     | Noticed Josephine
 13969 | D:10     | Killed Josephine
 14508 | D:10     | Offered knowledge of Inner Flame by Vehumet.
 14735 | D:10     | Found a staircase to the Orcish Mines.
 14904 | Orc:1    | Entered Level 1 of the Orcish Mines
 14915 | Orc:1    | Reached *** piety under Vehumet
 14926 | Orc:1    | Noticed an orc sorcerer
 14932 | Orc:1    | Killed an orc sorcerer
 15002 | Orc:1    | Noticed an orc knight
 15012 | Orc:1    | Noticed an orc sorcerer
 15015 | Orc:1    | Killed an orc knight
 15016 | Orc:1    | Noticed a soul eater
 15018 | Orc:1    | Noticed Maurice
 15018 | Orc:1    | Killed an orc sorcerer
 15018 | Orc:1    | Offered knowledge of Ignite Poison by Vehumet.
 15020 | Orc:1    | Noticed Urug
 15022 | Orc:1    | Reached skill level 13 in Spellcasting
 15028 | Orc:1    | Killed Maurice
 15162 | Orc:1    | Killed by an exploding fulminant prism

Illustrated notes

Levels and vault maps discovered:
D:1:      shiori_arrival_whats_in_store_for_you, layout_basic, serial_shops,
          shop, amcnicky_mini_corridor_feature,
          nicolae_concentric_dashed_squares_mild
D:2:      layout_basic, kennysheep_generic_room_6, uniq_natasha, uniq_sigmund,
          uniq_terence
D:3:      layout_basic, shapermc_ecumenical_altar_petra, st_stairs_11,
          uniq_jessica
D:4:      layout_cave_pools, eat_drink_and_be_merry_uskayaw
D:5:      layout_cave_pools, portal_sewer_entry_e, grunt_decor_cap
D:6:      minmay_spotlight, layout_loops_cross,
          chequers_temple_overflow_statue_of_worship, minmay_temple_entry_fiery,
          gammafunk_ghost_necromancy
D:7:      layout_loops_corners, dk_vineyard_2
D:8:      layout_loops_corners, gammafunk_ghost_smash, uniq_harold
D:9:      minmay_angry_zag, layout_stronghold, ebering_ghost_funeral_grove,
          jiyva_altar_1, uniq_pikel
D:10:     layout_small_grid, lair_entry_dummy, erik_orc_1, uniq_josephine,
          uniq_joseph
Temple:   mainiacjoe_temple_coin_purse
Orc:1:    layout_caves, basic_altar, uniq_urug, uniq_maurice

Skill      XL: |  1  2  3  4  5  6  7  8  9 10 11 |
---------------+----------------------------------+-----
Conjurations   | 5 6 7 9 10 | 10.0
Poison Magic   | 1 |  1.0
Air Magic      | 1 |  1.0
Spellcasting   | 4 5 6 7 9 11 12 13 | 13.0
Hexes          | 4 5 8 9 10 12 | 12.3
Translocations | 1 3 4 |  4.0
Dodging        | 3 4 |  4.0
Stealth        | 3 |  3.0
Shields        | 5 9 |  9.0
Evocations     | 2 |  2.0

Action                   |  1- 3 |  4- 6 |  7- 9 | 10-12 || total
-------------------------+-------+-------+-------+-------++-------
Melee: Dagger            |     1 |     1 |     2 |       ||     4
       Scimitar          |       |       |     1 |       ||     1
 Cast: Magic Dart        |    54 |    80 |    44 |    25 ||   203
       Searing Ray       |     5 |    27 |    33 |    12 ||    77
       Mephitic Cloud    |       |     2 |     3 |     4 ||     9
       Fulminant Prism   |       |     6 |    45 |    80 ||   131
       Iskenderun's Myst |       |       |     8 |    14 ||    22
Evoke: Wand              |       |       |       |     1 ||     1
  Use: Scroll            |       |     1 |     5 |     4 ||    10
 Stab: Confused          |       |       |     1 |       ||     1
Armor: Robe              |     2 |     2 |    14 |     1 ||    19
Dodge: Dodged            |     5 |     6 |    50 |    23 ||    84
Block: Kite shield       |       |       |       |     7 ||     7
